 Dungeon Crawl Stone Soup version 0.20-a0-622-g01f5896 (webtiles) character file.

65 Jackolantern the Sneak (level 4, -7/34 HPs)
             Began as a Barachian Assassin on Feb 9, 2017.
             Was an Initiate of Ashenzari.
             Killed by divine providence
             ... invoked by an orc priest
              (14 damage)
             ... on level 3 of the Dungeon.
             The game lasted 00:07:47 (2269 turns).

Jackolantern the Sneak (Barachian Assassin)         Turns: 2269, Time: 00:07:48

Health: -7/34      AC:  7    Str: 10    XL:     4   Next: 13%
Magic:  4/4        EV:  9    Int:  9    God:    Ashenzari [......]
Gold:   78         SH:  3    Dex: 12    Spells: 3/3 levels left

rFire    + . .     SeeInvis .   y - +2 short sword (flame)
rCold    x . .     Gourm    .   E - +0 ring mail (curse)
rNeg     . . .     Faith    +   t - +0 buckler
rPois    .         Spirit   .   q - +0 helmet
rElec    .         Reflect  .   d - +0 cloak (curse)
rCorr    .         Harm     .   (no gloves)
MR       .....                  (no boots)
Stlth    ++........             v - amulet of faith
Regen    0.2/turn               (no ring)
                                s - ring of fire

@: slow
A: swims, slowness 1, strong legs 1
a: Hop, Curse Item, Renounce Religion


You were on level 3 of the Dungeon.
You worshipped Ashenzari.
Ashenzari was noncommittal.
You were not hungry.

You visited 1 branch of the dungeon, and saw 3 of its levels.

You collected 78 gold pieces.

Inventory:

Hand Weapons
 a - a +2 dagger
 b - a +0 blowgun
 x - a cursed -1 hunting sling
 y - a +2 short sword of flaming (weapon)
Missiles
 e - 8 poisoned needles
 f - 2 curare-tipped needles
Armour
 d - a cursed +0 cloak (worn)
 q - a +0 helmet (worn)
 t - a +0 buckler (worn)
 E - a cursed +0 ring mail (worn)
Jewellery
 s - a ring of fire (left hand)
 v - an amulet of faith (around neck)
 B - an uncursed ring of positive energy
Wands
 A - a wand of disintegration (13/24)
Scrolls
 j - a scroll of teleportation {unknown}
 k - 3 scrolls of identify {unknown}
 l - a scroll of magic mapping {unknown}
 u - a scroll of blinking {unknown}
 w - a scroll of enchant armour {unknown}
Potions
 h - 2 potions of berserk rage {unknown}
 i - a potion of heal wounds {unknown}
 m - a potion of lignification {unknown}
 n - a potion of brilliance {unknown}
 p - a potion of cancellation {unknown}
 z - a potion of might {unknown}
 C - a potion of ambrosia {unknown}
 D - a potion of curing {unknown}
Comestibles
 c - 3 chunks of flesh
 g - a bread ration
 r - a royal jelly


   Skills:
 + Level 2.6 Fighting
 + Level 2.4 Short Blades
 + Level 2.1 Throwing
 + Level 1.6 Armour
 + Level 1.3 Dodging
 + Level 4.4 Stealth
 + Level 0.2 Shields


You had 3 spell levels left.
You didn't know any spells.

Dungeon Overview and Level Annotations

Branches:
Dungeon (3/15)

Altars:
Ashenzari


Innate Abilities, Weirdness & Mutations

You can swim through water.
You cover ground slowly.
You can hop short distances.


Message History

You kill the frilled lizard!
The orc priest looks satisfied for a moment.
The orc priest mumbles some strange prayers to Beogh against you.
Beogh smites you!
You see here a frilled lizard corpse.
You see here an uncursed flail.
An orc comes into view. It is wielding a whip.
The orc barely misses you.
You see here an uncursed flail.
The orc shouts!
You hit the orc. You burn the orc.
The orc is heavily wounded.
You block the orc's attack.
The orc priest invokes the aid of Beogh against you.
Beogh smites you!
* * * LOW HITPOINT WARNING * * *
The orc priest looks encouraged for a moment.
The orc priest invokes the aid of Beogh against you.
Beogh smites you!
You die...

####### #.....# #.....#
#.....# ###
############.....#
..#######.........##...?.#
#.##............@o)†o....#
#.##.####........###o....#
.....#..#...####.# #.....#
.....#.)#...'.)#.# #..o..#
.....##'##..#.)#.)....o....
.....#..)#..####..##..?.o.##
...>.#...'.....P..##.####...
.....#...#........##[# ...
(....##'##..####..#


You could see 2 orc priests and an orc.

Vanquished Creatures
  4 worms
  A dart slug (D:3)
  A leopard gecko (D:1)
  5 orcs (D:3)
  A bat (D:1)
  4 giant cockroaches (D:1)
  7 goblins
  5 hobgoblins
  4 frilled lizards
  9 kobolds
  4 rats
45 creatures vanquished.

Notes
Turn   | Place    | Note
-------+----------+-------------------------------------------
     0 | D:1      | Jackolantern the Barachian Assassin began the quest for the Orb.
     0 | D:1      | Reached XP level 1. HP: 16/16 MP: 1/1
   117 | D:1      | Found a shattered altar of Ashenzari.
   130 | D:1      | Became a worshipper of Ashenzari the Shackled
   296 | D:1      | Reached XP level 2. HP: 8/23 MP: 2/2
  1003 | D:1      | Reached XP level 3. HP: 23/28 MP: 3/3
  1220 | D:2      | Found a faded altar of an unknown god.
  1925 | D:2      | Reached skill level 1 in Armour
  2208 | D:3      | Reached XP level 4. HP: 33/34 MP: 4/4
  2269 | D:3      | Killed from afar by an orc priest

Vault maps used:
D:1:      dpeg_arrival_rhombi, evilmike_ruin_ashenzari
D:2:      chequers_ecumenical_altar_island
D:3:      corexii_shack_village, lemuel_crystal_altar, kennysheep_slug_shrine,
          gammafunk_temple_overflow_pools

Skill      XL: |  1  2  3 |
---------------+----------+-----
Throwing       | 2 |  2.1
Armour         | 1 |  1.6
Fighting       | |  2.6
Short Blades   | |  2.4
Dodging        | |  1.3
Stealth        | |  4.4
Shields        | |  0.2

Action                   |  1- 3 |  4- 6 || total
-------------------------+-------+-------++-------
Melee: Dagger            |   156 |       ||   156
       Short sword       |    29 |     8 ||    37
 Fire: Blowgun           |     7 |       ||     7
Invok: Curse Item        |     1 |       ||     1
 Abil: Hop               |     1 |       ||     1
 Stab: Sleeping          |     4 |     1 ||     5
  Eat: Chunk             |     5 |       ||     5
Armor: Robe              |     6 |       ||     6
       Ring mail         |    57 |     1 ||    58
Dodge: Dodged            |    85 |     5 ||    90
Block: Buckler           |     4 |     2 ||     6
